AoeStats
← HT229

Four Lakes

510237478Analyzed
1v1 RM · 15h ago on Sep 30, 2026· 32m 17s· 2 players
Game mode
Random Map
Map size
Tiny (2 player)
Population
200
Speed
Normal
Resources
Standard
Victory
Conquest
Starting age
Dark Age
Ending age
Imperial Age
RankedLock teamsTeams togetherTeam positionsShared explorationLock speedFull tech treeHidden civsTurbo modeCheats
Victory
Defeat
🇻🇳 Persians · Vietnam
1932
+17
🇨🇳 Varangians · China
1949
-17
HT229
6:11 Loom
10:01 Feudal Age
10:44 Double-Bit Axe
14:29 Castle Age
12:55 Fishing Lines
14:44 Loom
15:14 Bow Saw
15:12 Gillnets
19:07 Fletching
20:07 Bodkin Arrow
23:04 Ballistics
25:08 Padded Archer Armor
26:06 Parthian Tactics
29:52 Imperial Age
killtabig
11:18 Feudal Age
9:43 Loom
15:32 Castle Age
14:53 Fishing Lines
16:17 Double-Bit Axe
17:02 Gillnets
18:30 Bow Saw
21:06 Medium Warships
21:57 Fletching
21:34 Elite Skirmisher
23:28 Wheelbarrow
23:42 Ballistics
23:27 Padded Archer Armor
23:25 Bodkin Arrow
28:34 Imperial Age
27:04 Bodkin Arrow
28:26 Padded Archer Armor
31:28 Bracer
32:38 Padded Archer Armor
Connection lost

Rejoining the realm…

Still unreachable

The connection could not be restored.

Session expired

The server has moved on; the page needs a fresh start.